 Dungeon Crawl Stone Soup version 0.18.1-48-g4cf74bf (webtiles) character file.

7060 Ratgod the Archer (level 10, -5/99 HPs)
             Began as a Centaur Hunter on July 10, 2016.
             Was an Elder of Okawaru.
             Slain by Snorg (10 damage)
             ... on level 10 of the Dungeon.
             The game lasted 00:38:23 (14379 turns).

Ratgod the Archer (Centaur Hunter)                 Turns: 14379, Time: 00:38:24

Health: -5/99      AC: 14    Str: 17 (18) XL:     10   Next: 83%
Magic:  11/11      EV:  5    Int:  9 (10) God:    Okawaru [****..]
Gold:   320        SH:  0    Dex: 11 (12) Spells: 0 memorised, 9 levels left

rFire  + . .     SeeInvis .     a - +2 shortbow
rCold  + . .     Gourm    .     j - +1 chain mail
rNeg   . . .     Faith    .     (shield currently unavailable)
rPois  .         Spirit   .     o - +2 helmet
rElec  +         Dismiss  .     S - +1 cloak {MR+}
rCorr  .         Reflect  .     N - +0 pair of gloves
SustAt .         Harm     .     (no barding)
MR     ++...                    E - amulet of magic regeneration
Stlth  ..........               K - ring of Deon {rElec rF+ rC+ MR+}
                                B - +2 ring of strength

@: very quick, very resistant to hostile enchantments, extremely unstealthy
A: hooves 3, deformed body, deterioration 1, speed 2, tough skin 3
a: Heroism, Renounce Religion


You were on level 10 of the Dungeon.
You worshipped Okawaru.
Okawaru was greatly pleased with you.
You were hungry.

You visited 2 branches of the dungeon, and saw 11 of its levels.

You collected 592 gold pieces.
You spent 272 gold pieces at shops.

Inventory:

Hand Weapons
 a - a +2 shortbow (weapon)
 b - the +7 war axe of Egomania {speed, Str+4}
   (You took it off an orc on level 7 of the Dungeon)

   Attacks with this weapon are significantly faster.
   It affects your strength (+4).
 O - a +0 short sword
Missiles
 d - 103 arrows (quivered)
Armour
 c - a +0 leather armour
 j - a +1 chain mail (worn)
 n - a +0 ring mail
 o - a +2 helmet (worn)
 w - a +1 helmet
 F - the +1 leather armour "Toumm" {*Corrode MR++ Int+4}
   (You bought it in a shop on level 6 of the Dungeon)

   It affects your intelligence (+4).
   It affects your resistance to hostile enchantments.
   It may corrode you when you take damage.
 N - a +0 pair of gloves (worn)
 S - a +1 cloak of magic resistance (worn)
Jewellery
 v - an uncursed ring of resist corrosion
 B - a +2 ring of strength (left hand)
 E - an amulet of magic regeneration (around neck)
 G - an uncursed ring of flight
 J - an uncursed ring of protection from cold
 K - the ring of Deon (right hand) {rElec rF+ rC+ MR+}
   (You found it on level 7 of the Dungeon)

   [ring of protection from magic]

   It protects you from fire.
   It protects you from cold.
   It insulates you from electricity.
   It affects your resistance to hostile enchantments.
Wands
 P - a wand of lightning (12/15)
 Q - a wand of acid (1/15)
 U - a wand of random effects (18/48)
Scrolls
 q - 7 scrolls of remove curse
 s - 3 scrolls of fog
 H - 3 scrolls of enchant weapon
 R - a scroll of enchant armour
Potions
 e - 3 potions of brilliance
 h - a potion of invisibility {unknown}
 i - 4 potions of curing
 k - 3 potions of magic
 m - 2 potions of ambrosia
 r - 2 potions of lignification
 t - 2 potions of agility {unknown}
 x - 4 potions of cancellation
 z - a potion of cure mutation {unknown}
 A - a potion of resistance {unknown}
 C - a potion of mutation
 D - 5 potions of degeneration
 L - a potion of might {unknown}
Books
 I - a book of the Sky

   Spells                             Type                      Level
   a - Summon Lightning Spire         Summoning/Air                4
   b - Airstrike                      Air                          4
   c - Silence                        Hexes/Air                    5
   d - Deflect Missiles               Charms/Air                   6
   e - Conjure Ball Lightning         Conjuration/Air              6
   f - Tornado                        Air                          9
Comestibles
 f - 9 bread rations
 g - 6 meat rations
 l - 4 beef jerkies
 p - 10 slices of pizza
 M - a fruit


   Skills:
 - Level 12.4 Fighting
 - Level 14.3 Bows
 - Level 1.3 Dodging
 - Level 0.5 Stealth
 + Level 1.4 Invocations


You had 9 spell levels left.
You didn't know any spells.

Dungeon Overview and Level Annotations

Branches:
Dungeon (10/15)            Temple (1/1) D:4            Lair (0/8) D:10
    Orc (0/2) D:9

Altars:
Ashenzari
Cheibriados
Dithmenos
Elyvilon
Fedhas
Makhleb
Nemelex Xobeh
Okawaru
Pakellas
Ru
Sif Muna
Trog
Vehumet
Xom
Yredelemnul
Zin
The Shining One

Shops:
D:6 =[   D:9 [   D:10 *

Annotations:
D:10 Snorg; tyranidshit's ghost, novice DDNe


Innate Abilities, Weirdness & Mutations

You have hooves in place of feet.
Armour fits poorly on your strangely shaped body.
You cover ground very quickly.
You have extremely tough skin (AC +3).
Your body sometimes deteriorates upon taking damage.


Message History

Firing (i - inventory):
d - 104 arrows (quivered)
Press: ? - help, Shift-Dir - straight line, f/p - Snorg
Aim: Snorg (heavily wounded, berserk, fast, unusually strong)
You shoot an arrow. The arrow hits Snorg.
Snorg is heavily wounded.
Snorg bites you!
* * * LOW HITPOINT WARNING * * *
Your body deteriorates!
You feel weakened. Snorg claws you but does no damage. x2
You feel like a meek peon again. Snorg bites you.
* * * LOW HITPOINT WARNING * * *
Snorg claws you!
* * * LOW HITPOINT WARNING * * *
Snorg claws you.
* * * LOW HITPOINT WARNING * * *
Snorg bites you!!
* * * LOW HITPOINT WARNING * * *
Snorg claws you!
You die...

...#########(.....≈≈.≈≈#
...# #.(....≈≈∩≈≈# ...#
#...(..≈≈≈≈≈# ...#
#...(...≈≈≈##
...#########........###
##..................#
#................(.#
#..................#
#........<....T@.(.#
#..........(.......#
##..................#
############(.......# #
#........# # #........#
# #........# #
#........# # #........#


You could see Snorg (berserk).

Vanquished Creatures
  Erolcha (D:9)
  2 hill giants (D:10)
  The ghost of tyranidshit the Skirmisher, a novice DDNe (D:6)
  Prince Ribbit (D:7)
  The ghost of simples the Cudgeler, an amateur TrFi (D:3)
  3 yaks (D:9)
  A wyvern (D:9)
  A human (D:9)
  2 hippogriffs
  2 hungry ghosts
  A water moccasin (D:10)
  2 ice beasts
  A sky beast (D:7)
  2 orc warriors
  A necrophage (D:8)
  2 phantoms
  A black bear (D:8)
  4 centaurs
  3 ogres
  2 giant frogs (D:8)
  A wyvern zombie (D:8)
  2 scorpions
  3 howler monkeys
  3 crimson imps
  4 hounds
  5 orc priests
  3 giant frog skeletons
  4 jellies
  A centaur skeleton (D:8)
  Ijyb (D:1)
  6 iguanas
  5 orc wizards
  5 worker ants
  4 sheep (D:9)
  A hound zombie (D:5)
  A howler monkey zombie (D:7)
  Robin (D:2)
  A howler monkey skeleton (D:9)
  7 gnolls
  10 adders
  A shadow imp (D:8)
  An ooze (D:5)
  An adder zombie (D:5)
  3 worms
  3 giant geckos
  40 orcs
  4 ball pythons
  5 giant cockroaches
  14 goblins
  12 hobgoblins
  9 jackals
  3 kobolds
  A quokka (D:8)
  10 bats
  A giant gecko skeleton (D:5)
  9 giant newts
  A quokka skeleton (D:4)
  12 rats
232 creatures vanquished.

Notes
Turn   | Place    | Note
--------------------------------------------------------------
     0 | D:1      | Ratgod the Centaur Hunter began the quest for the Orb.
     0 | D:1      | Reached XP level 1. HP: 17/17 MP: 1/1
   190 | D:1      | Reached XP level 2. HP: 24/24 MP: 2/2
   275 | D:1      | Reached skill level 6 in Bows
   679 | D:1      | Reached XP level 3. HP: 29/29 MP: 3/3
   738 | D:2      | Noticed Ijyb
   779 | D:1      | Killed Ijyb
   779 | D:1      | Reached skill level 7 in Bows
  1054 | D:2      | Reached XP level 4. HP: 36/36 MP: 4/4
  1098 | D:2      | Found a burning altar of Makhleb.
  1215 | D:2      | Noticed Robin
  1231 | D:2      | Killed Robin
  1484 | D:2      | Reached skill level 8 in Bows
  1809 | D:3      | Noticed simples's ghost (amateur TrFi)
  1960 | D:2      | Reached XP level 5. HP: 30/41 MP: 5/5
  2205 | D:3      | Reached skill level 9 in Bows
  3681 | D:4      | Found a bloodstained altar of Trog.
  3702 | D:4      | Noticed an ogre
  3711 | D:4      | Killed an ogre
  3711 | D:4      | Reached XP level 6. HP: 48/48 MP: 6/6
  3743 | D:4      | Reached skill level 10 in Bows
  4264 | D:4      | Reached XP level 7. HP: 44/55 MP: 7/7
  4362 | D:4      | Reached skill level 11 in Bows
  4662 | D:4      | Found a staircase to the Ecumenical Temple.
  4668 | Temple   | Entered the Ecumenical Temple
  4678 | Temple   | Became a worshipper of Warmaster Okawaru
  5114 | D:5      | Entered Level 5 of the Dungeon
  5983 | D:5      | Reached skill level 12 in Bows
  6908 | D:6      | Found a radiant altar of Vehumet.
  6930 | D:6      | Reached XP level 8. HP: 36/61 MP: 8/8
  6950 | D:6      | Reached skill level 13 in Bows
  7120 | D:6      | Reached * piety under Okawaru
  7241 | D:6      | Found Huxkeihy's Antique Armour Shoppe.
  7256 | D:6      | Bought a polished leather armour for 182 gold pieces
  7266 | D:6      | Identified the +1 leather armour "Toumm" {*Corrode MR++ Int+4} (You bought it in a shop on level 6 of the Dungeon)
  7270 | D:6      | Noticed tyranidshit's ghost (novice DDNe)
  7298 | D:6      | Found Otzusac's Jewellery Shoppe.
  8377 | D:7      | Got a twitching tin ring
  8379 | D:7      | Identified the ring of Deon {rElec rF+ rC+ MR+} (You found it on level 7 of the Dungeon)
  8437 | D:7      | Found a shattered altar of Ashenzari.
  9278 | D:7      | Noticed Prince Ribbit
  9307 | D:7      | Killed Prince Ribbit
  9307 | D:7      | Reached skill level 14 in Bows
 10071 | D:7      | Reached XP level 9. HP: 66/72 MP: 9/9
 10128 | D:7      | Reached skill level 5 in Fighting
 10300 | D:7      | Reached ** piety under Okawaru
 10369 | D:7      | Got a crude war axe {speed}
 10370 | D:7      | Identified the +7 war axe of Egomania {speed, Str+4} (You took it off an orc on level 7 of the Dungeon)
 10683 | D:3      | Killed simples's ghost
 10943 | D:6      | Killed tyranidshit's ghost
 11160 | D:8      | Found a snail-covered altar of Cheibriados.
 11165 | D:8      | Found a deep blue altar of Sif Muna.
 11166 | D:8      | Found a blossoming altar of Fedhas.
 11392 | D:8      | Reached *** piety under Okawaru
 12011 | D:9      | Reached XP level 10. HP: 91/91 MP: 10/10
 12077 | D:9      | Found Hiem's Antique Armour Shop.
 12236 | D:9      | Reached skill level 10 in Fighting
 12238 | D:9      | Reached **** piety under Okawaru
 12303 | D:9      | Noticed Erolcha
 12320 | D:9      | Killed Erolcha
 12783 | D:9      | Received a gift from Okawaru
 13099 | D:9      | Found a sacrificial altar of Ru.
 13186 | D:9      | Found a staircase to the Orcish Mines.
 13364 | D:10     | Entered Level 10 of the Dungeon
 13383 | D:10     | Found Paacrext's Assorted Antiques.
 13395 | D:10     | Bought an embroidered cloak for 90 gold pieces
 13445 | D:10     | Noticed a hill giant
 13468 | D:10     | Killed a hill giant
 13468 | D:10     | Received a gift from Okawaru
 13604 | D:10     | Found a staircase to the Lair.
 13616 | D:10     | Noticed a hill giant
 13654 | D:10     | Killed a hill giant
 13654 | D:10     | Reached ***** piety under Okawaru
 13735 | D:10     | Noticed tyranidshit's ghost (novice DDNe)
 13847 | D:10     | Noticed Snorg
 13854 | D:10     | Noticed a hill giant
 13871 | D:10     | Gained mutation: You expend magic power (3 MP) to strengthen your wands. [potion of mutation]
 13871 | D:10     | Gained mutation: Your body sometimes deteriorates upon taking damage. [potion of mutation]
 13871 | D:10     | Lost mutation: You expend magic power (3 MP) to strengthen your wands. [potion of mutation]
 13881 | D:10     | Reached skill level 1 in Invocations
 14379 | D:10     | Slain by Snorg

Skill      XL: |  1  2  3  4  5  6  7  8  9 10 |
---------------+-------------------------------+-----
Bows           | 6 7 8 9 10 12 14 | 14.3
Fighting       | 4 9 12 | 12.4
Invocations    | 1 |  1.4
Dodging        | |  1.3
Stealth        | |  0.5

Action                   |  1- 3 |  4- 6 |  7- 9 | 10-12 || total
-------------------------+-------+-------+-------+-------++-------
Melee: Short sword       |    68 |   121 |   191 |       ||   380
       Kick              |    13 |    27 |    58 |    10 ||   108
       Shortbow          |       |       |     1 |       ||     1
       War axe           |       |       |    32 |    50 ||    82
 Fire: Shortbow          |    41 |   164 |   416 |   140 ||   761
Invok: Heroism           |       |       |       |     4 ||     4
Evoke: Wand              |       |       |       |     1 ||     1
  Use: Scroll            |     4 |     4 |    11 |     3 ||    22
       Potion            |       |       |     1 |     2 ||     3
  Eat: Chunk             |       |     9 |    19 |     4 ||    32
       Royal jelly       |       |       |       |     1 ||     1
       Fruit             |       |       |       |     1 ||     1
Armor: Leather armour    |    46 |       |       |       ||    46
       Ring mail         |       |    85 |     1 |       ||    86
       Chain mail        |       |       |   150 |    35 ||   185
Dodge: Dodged            |    52 |    78 |    74 |    13 ||   217
